[Event "*** Titled Tuesday Blitz"]
[Site "Chess.com"]
[Date "2020.05.19"]
[Round "3"]
[White "MathiasWomacka"]
[Black "Firegrizzly"]
[Result "0-1"]
[WhiteElo "2380"]
[BlackElo "2579"]
[TimeControl "180+1"]
[EndTime "12:29:22 PDT"]
[Termination "Firegrizzly won by resignation"]

1. e4 c5 2. Nf3 d6 3. d4 cxd4 4. Nxd4 Nf6 5. Nc3 Nc6 6. Be2 g6 7. Nb3 Bg7 8. O-O a5 9. a4 O-O 10. Be3 Be6 11. f3 Nb4 12. Nd4 Bd7 13. Ndb5 Rc8 14.
Qd2 Bxb5 15. Bxb5 d5 16. e5 Nd7 17. Nxd5 Nxe5 18. Nxb4 axb4 19. Qxb4 Rxc2 20. Rad1 Qb8 21. Qxe7 Nc6 22. Qd6 Qa8 23. b3 Rd8 24. Qf4 h6 25. Bc4 Ne5 26. Bb6 Re8 27. Bd5 Qa6 28. Bd4 Re7 29.
Qe4 Re2 30. Qb1 Qa5 31. Ba1 Kh7 32. Rf2 Rxf2 33. Kxf2 Qc5+ 34. Kf1 Rd7 35. Be4 Rxd1+ 36. Qxd1 Qe3 37. Bd4 Qf4 38. g3 Qf6 39. Kg2 Qe6 40. Qe2 Qxb3 41. Bxe5 Bxe5 42. Bxg6+ Kxg6 43. Qxe5 Qc2+ 44. Kh3 Qxa4 45. Qe4+ Qxe4 46. fxe4 b5 47. Kg4 b4 48. Kf3 b3 0-1

[Event "*** Titled Tuesday Blitz"]
[Site "Chess.com"]
[Date "2020.05.19"]
[Round "3"]
[White "hongnhung1234"]
[Black "jeaston1"]
[Result "0-1"]
[WhiteElo "2206"]
[BlackElo "2414"]
[TimeControl "180+1"]
[EndTime "12:29:22 PDT"]
[Termination "jeaston1 won by checkmate"]

1. e4 c5 2. Nc3 Nc6 3. f4 e6 4. Nf3 d5 5. Bb5 Be7 6. Ne5 Bd7 7. Nxd7 Qxd7 8. Qg4 Nf6 9. Qe2 d4 10. e5 dxc3 11.
exf6 cxb2 12. Bxb2 Bxf6 13. Bxf6 gxf6 14. O-O-O a6 15.
Bxc6 Qxc6 16. f5 O-O-O 17. fxe6 fxe6 18. Rhf1 e5 19. d3 Kb8 20. Qf3 Rd6 21. Qxc6 Rxc6 22. Rf5 Rg8 23. g3 Rg6 24. Rdf1 Rh6 25. R1f2 Kc7 26. Kd2 Kd7 27. Ke3 Ke7 28. Ke4 Rd6 29. c3 Rg6 30. Ke3 Rb6 31. Rh5 h6 32. Rhf5 Rb1 33. R5f3 Ke6 34. g4 b5 35. h4 Rc1 36. h5 Rxg4 37. Rxf6+ Kd5 38. Rxh6 Rxc3 39. Kd2 Ra3 40. Kc1 Rg3 41. Kb2 Raxd3 42. Rh8 Rdf3 43.
Rd8+ Ke4 44. Rh2 Rh3 45. Re2+ Re3 46. Rxe3+ Kxe3 47. Rd6 Rxh5 48. Rxa6 e4 49. Rb6 c4 50. Rxb5 Rxb5+ 51. Kc2 Rb8 52. a4 Ra8 53. Kc3 Rxa4 54.
Kc2 Ra8 55. Kd1 Rd8+ 56. Kc2 Ke2 57. Kc1 e3 58. Kb2 Rd3 59. Ka2 Kf2 60. Kb2 e2 61.
Ka2 e1=Q 62. Kb2 Qe2+ 63. Kc1 Rd1# 0-1

[Event "*** Titled Tuesday Blitz"]
[Site "Chess.com"]
[Date "2020.05.19"]
[Round "3"]
[White "Lali-Rustavi"]
[Black "CuattroPrincesses"]
[Result "1-0"]
[WhiteElo "1887"]
[BlackElo "2248"]
[TimeControl "180+1"]
[EndTime "12:29:22 PDT"]
[Termination "Lali-Rustavi won on time"]

1. c4 Nf6 2. Nc3 g6 3. g3 Bg7 4.
Bg2 O-O 5. e3 d6 6. Nge2 c5 7.
O-O Nc6 8. d3 Rb8 9. a3 a6 10. Rb1 Bd7 11. b4 cxb4 12. axb4 b5 13. cxb5 axb5 14. Ne4 Qc8 15. d4 Bh3 16. Nxf6+ Bxf6 17. Bd2 Bxg2 18. Kxg2 d5 19. Nf4 e6 20. h4 Qd7 21. h5 Ra8 22. Qg4 Ra2 23. Bc3 Rc2 24. Ba1 Ra8 25. Rh1 Raa2 26. Rbf1 Ne7 27. hxg6 fxg6 28. Nxe6 Nf5 29. Nc5 Rxc5 30. Qh3 Nxe3+ 31. Kf3 Qxh3 32. Rxh3 Rc4 33. fxe3 Rxb4 34. Rfh1 h5 35. g4 Ra3 36. gxh5 g5 37. h6 Kh7 38. Kg4 Rba4 39.
Bb2 Ra2 40. Bc1 Re2 41. Rf3 1-0

[Event "*** Titled Tuesday Blitz"]
[Site "Chess.com"]
[Date "2020.05.19"]
[Round "3"]
[White "gena217"]
[Black "BakaPG"]
[Result "1/2-1/2"]
[WhiteElo "2858"]
[BlackElo "2612"]
[TimeControl "180+1"]
[EndTime "12:29:23 PDT"]
[Termination "Game drawn by repetition"]

1. e4 e6 2. d4 d5 3. Nd2 a6 4. Ngf3 Nf6 5. e5 Nfd7 6. Bd3 c5 7. c3 Nc6 8. O-O g5 9. Nb3 c4 10. Nxg5 Ndxe5 11. dxe5 cxd3 12. Re1 Bg7 13. Nf3 Bd7 14. Qxd3 Qc7 15. Bf4 O-O-O 16. Bg3 h6 17. Nc5 Be8 18. b4 Ne7 19. Nd4 h5 20. h3 h4 21. Bh2 Rg8 22. a4 Ng6 23. Qe2 Bh6 24. Nb5 axb5 25. axb5 Qb6 26. Ra8+ Kc7 27. Rxd8 Kxd8 28. Ra1 Kc7 29.
Qh5 Bf4 30. Qh7 Bxh2+ 31. Kxh2 Rf8 32. Qg7 Bxb5 33. f4 Bd7 34. f5 exf5 35. Re1 Be6 36. Kh1 Re8 37. Rd1 Qc6 38. Ra1 d4 39. Ra7 Bc8 40.
cxd4 Re7 41. b5 Qxb5 42. e6 Qf1+ 43. Kh2 Qf4+ 44. Kh1 Qf1+ 45. Kh2 Qf4+ 46. Kh1 Qf1+ 1/2-1/2

[Event "*** Titled Tuesday Blitz"]
[Site "Chess.com"]
[Date "2020.05.19"]
[Round "3"]
[White "ZEN-22"]
[Black "Jenia84"]
[Result "1-0"]
[WhiteElo "2504"]
[BlackElo "2236"]
[TimeControl "180+1"]
[EndTime "12:29:23 PDT"]
[Termination "ZEN-22 won on time"]

1. e3 b6 2. Ne2 Bb7 3. d4 g6 4. a4 Bg7 5. h3 Nf6 6. a5 O-O 7. Nbc3 Ne4 8. Nxe4 Bxe4 9. h4 h5 10. Ng3 Bb7 11. a6 Bc8 12. f4 e6 13. Qf3 d5 14. Bd3 c5 15. c3 Nc6 16. O-O Ne7 17. Nh1 Nf5 18. g3 Qd6 19. Nf2 Bd7 20. Nh3 Rac8 21. Ng5 f6 22. Nh3 e5 23. dxe5 fxe5 24. Qg2 e4 25. Be2 Rce8 26. Ng5 Bh6 27. Rd1 Bxg5 28. hxg5 Kg7 29. b4 h4 30. g4 Ng3 31.
bxc5 Qxc5 32. c4 Be6 33. Bb2+ Kf7 34. Bd4 Nxe2+ 35. Qxe2 Qxc4 36. Qxc4 dxc4 37. Bf6 Rc8 38. Rd6 Bxg4 39. Rc1 c3 40. Rxc3 Rxc3 41. Bxc3 Rc8 42. Rf6+ Ke7 43. Bb4+ Kd7 44. Rd6+ Ke8 45. Rxg6 Rc1+ 46.
Kf2 Rc2+ 47. Ke1 Re2+ 48. Kf1 h3 49. Rh6 h2 50. g6 Rc2 51. Rh8+ Kd7 52. g7 Rc1+ 53. Kf2 Rc2+ 54. Kg3 Be6 55. Rxh2 Rxh2 56. Kxh2 Kc6 57. f5 1-0

[Event "*** Titled Tuesday Blitz"]
[Site "Chess.com"]
[Date "2020.05.19"]
[Round "3"]
[White "PetrolulSah"]
[Black "Tsyhanchuk_Stanislav"]
[Result "0-1"]
[WhiteElo "2188"]
[BlackElo "2484"]
[TimeControl "180+1"]
[EndTime "12:29:23 PDT"]
[Termination "Tsyhanchuk_Stanislav won on time"]

1. d4 c5 2. d5 Nf6 3. c4 g6 4. Nc3 Bg7 5. e4 d6 6. Be2 O-O 7. Bg5 e6 8. Nf3 exd5 9. exd5 h6 10. Bf4 Bf5 11. O-O Re8 12. Bd3 Ne4 13. Nxe4 Bxe4 14. Re1 Bxd3 15. Qxd3 Rxe1+ 16. Rxe1 Na6 17. a3 Qf6 18.
Bc1 Nc7 19. h3 a6 20. Nd2 b5 21. Ne4 Qe5 22. f4 Qd4+ 23. Qxd4 Bxd4+ 24. Kf1 Rd8 25. f5 gxf5 26. Ng3 bxc4 27. Nxf5 Nxd5 28. Bxh6 Bxb2 29.
Re4 Kh7 30. Rxc4 Kg6 31. g4 Rh8 32. Rc2 Rxh6 33. Rxb2 Rxh3 34. Nxd6 Ne3+ 35. Kg1 Nxg4 36. Ne4 Rxa3 37. Nxc5 f5 38. Rb6+ Kg5 39. Rxa6 Rg3+ 40. Kf1 Rc3 41. Ne6+ Kh4 42. Ra5 f4 43. Nxf4 Rf3+ 44.
Ke2 Rxf4 45. Kd3 Kg3 46. Kc3 Rf3+ 47. Kd4 Rf4+ 48. Kc3 Kf3 49. Kd2 Rd4+ 50. Ke1 Ne3 0-1

[Event "*** Titled Tuesday Blitz"]
[Site "Chess.com"]
[Date "2020.05.19"]
[Round "3"]
[White "ecwinslow"]
[Black "Treacherous_horse64"]
[Result "0-1"]
[WhiteElo "2212"]
[BlackElo "2415"]
[TimeControl "180+1"]
[EndTime "12:29:23 PDT"]
[Termination "Treacherous_horse64 won by resignation"]

1. e4 c6 2. d4 d5 3. exd5 cxd5 4. c4 Nf6 5. Nc3 e6 6. Nf3 Bb4 7. Bd3 Nc6 8. O-O O-O 9. cxd5 Nxd5 10. Qc2 g6 11.
Bh6 Re8 12. Rad1 Be7 13. Nxd5 Qxd5 14. Be4 Qd6 15. Qd2 Bf6 16. a3 Ne7 17. Bf4 Qb6 18.
Ne5 Rd8 19. Bg5 Bxg5 20. Qxg5 Qd6 21. Qf6 Rf8 22. Ng4 h5 23. Nh6+ Kh7 24. Nxf7 Qc7 25. Bxg6+ Nxg6 26. Ng5+ Kh6 27. Nxe6 Rxf6 28. Nxc7 Rb8 29. d5 Rd6 30. Nb5 Rd8 31. d6 Bf5 32. Rfe1 a6 33. Nc3 Kg7 34. f3 Kf7 35. Ne4 Bxe4 36. Rxe4 Rd7 37. f4 Rbd8 38. f5 Nf8 39. Red4 Nh7 40. h3 Kf6 41. g4 hxg4 42. hxg4 Kg5 43.
Kg2 Nf6 44. Kf3 Rh8 45. Kg3 Rdh7 46. d7 Rh2 0-1

[Event "*** Titled Tuesday Blitz"]
[Site "Chess.com"]
[Date "2020.05.19"]
[Round "3"]
[White "Nara_Kh"]
[Black "ehrenfeld"]
[Result "1-0"]
[WhiteElo "2292"]
[BlackElo "2430"]
[TimeControl "180+1"]
[EndTime "12:29:24 PDT"]
[Termination "Nara_Kh won by checkmate"]

1. e4 e5 2. Nf3 Nc6 3. Bb5 a6 4. Ba4 Nf6 5. d3 d6 6. O-O g6 7. c4 Bg7 8. Nc3 O-O 9. h3 h6 10. a3 Nd7 11. Bc2 a5 12. Nd5 Nc5 13. b3 f5 14. Bb2 Ne6 15. b4 axb4 16. axb4 Rxa1 17. Bxa1 f4 18. b5 Ncd4 19. Bxd4 exd4 20. Nd2 h5 21. Nb3 Be5 22. f3 Kh8 23. c5 dxc5 24. Nd2 c6 25. Nc4 Bf6 26. bxc6 b5 27. Ncb6 Be5 28. Nxc8 Qxc8 29. Qb1 Qxc6 30. Ne7 Qe8 31. Nd5 Rg8 32. Qa2 g5 33. Qa7 g4 34. hxg4 hxg4 35. Kf2 Rg7 36. Qb6 Kg8 37. Rh1 gxf3 38. gxf3 Qg6 39. Rf1 Qg2+ 40. Ke1 Qxc2 41. Qxe6+ Kh8 42. Rh1+ Rh7 43. Qxe5+ Kg8 44. Qe8+ Kg7 45. Qe7+ Kg6 46. Qxh7+ Kg5 47. Qh5# 1-0

[Event "*** Titled Tuesday Blitz"]
[Site "Chess.com"]
[Date "2020.05.19"]
[Round "3"]
[White "Kaliopa"]
[Black "Cambek64"]
[Result "0-1"]
[WhiteElo "2108"]
[BlackElo "2326"]
[TimeControl "180+1"]
[EndTime "12:29:24 PDT"]
[Termination "Cambek64 won on time"]

1. d4 d6 2. c4 e5 3. d5 f5 4. e4 Nf6 5. exf5 Bxf5 6. Nc3 Nbd7 7. Nge2 a5 8. Ng3 Bg6 9. Bd3 Bxd3 10. Qxd3 Nc5 11.
Qc2 Be7 12. O-O O-O 13. Bd2 Qd7 14. Rae1 c6 15. Bg5 cxd5 16. Bxf6 Bxf6 17. Nxd5 Rad8 18. a3 a4 19. Ne4 Nb3 20. c5 dxc5 21. Ndxf6+ gxf6 22.
Qc4+ Kh8 23. Rc1 b5 24. Qe2 c4 25. Rfd1 Nd4 26. Qh5 Qf7 27. Qh6 Qg6 28. Qe3 Rg8 29. g3 f5 30. Nc3 Rde8 31. Rxd4 exd4 32. Qxd4+ Qg7 33. Qd5 f4 34. Qxb5 fxg3 35. hxg3 Rb8 36. Qxc4 Rxb2 0-1

[Event "*** Titled Tuesday Blitz"]
[Site "Chess.com"]
[Date "2020.05.19"]
[Round "3"]
[White "JozefKneht"]
[Black "GMKrikor"]
[Result "0-1"]
[WhiteElo "2515"]
[BlackElo "2761"]
[TimeControl "180+1"]
[EndTime "12:29:26 PDT"]
[Termination "GMKrikor won on time"]

1. e4 c5 2. Nf3 g6 3. d4 cxd4 4. Nxd4 Nc6 5. c4 Nf6 6. Nc3 d6 7. Be2 Nxd4 8. Qxd4 Bg7 9. Be3 O-O 10. Qd2 a5 11. f3 a4 12. O-O Be6 13. Rab1 Qa5 14. b4 axb3 15. axb3 Qb4 16. Rfd1 Rfc8 17. Nb5 Qxd2 18.
Rxd2 Nd7 19. Kf2 Nc5 20. g4 Bd7 21. Nd4 Ra3 22. h4 Bxd4 23. Bxd4 Rxb3 24. Rdb2 Rxb2 25.
Rxb2 Bc6 26. g5 Ra8 27. e5 Ne6 28. Bc3 dxe5 29. Bxe5 Kf8 30. f4 Nc5 31. h5 gxh5 32. Kg3 Ra3+ 33. Kh4 Ne4 34. Bxh5 Ra1 35. Bf3 Rf1 36.
Bxe4 Bxe4 37. Ra2 f6 38. gxf6 exf6 39. Bd6+ Kf7 40. c5 Kg6 41. Re2 Kf5 42. Rh2 Rg1 43. Kh3 h5 44. Kh4 Bf3 45. Rb2 Rh1+ 46. Kg3 Bc6 0-1

[Event "*** Titled Tuesday Blitz"]
[Site "Chess.com"]
[Date "2020.05.19"]
[Round "3"]
[White "Maybe00"]
[Black "albano87"]
[Result "0-1"]
[WhiteElo "2671"]
[BlackElo "2342"]
[TimeControl "180+1"]
[EndTime "12:29:26 PDT"]
[Termination "albano87 won by resignation"]

1. d4 d5 2. c4 e6 3. Nf3 Nf6 4. Nc3 Be7 5. Bf4 O-O 6. a3 b6 7. e3 c5 8. dxc5 bxc5 9. Be2 Bb7 10. O-O Nc6 11. cxd5 exd5 12. Rc1 h6 13. h3 Rc8 14. Na4 Ne4 15. Nd2 Nxd2 16. Qxd2 Na5 17.
Qd1 c4 18. Nc3 Nb3 19. Rc2 Qa5 20. Bg4 Rcd8 21. Ne2 Bf6 22. Nd4 Nxd4 23. exd4 Qb6 24. Be3 Rfe8 25. Re1 Bxd4 26. Bxd4 Rxe1+ 27. Qxe1 Qxd4 28. Qe7 Qb6 29. Bh5 g6 30. Bf3 Rc8 31. Rd2 Rd8 32. h4 h5 33. Qe5 Kh7 34. g3 d4 35. Qf4 Bxf3 36. Qxf7+ Kh6 37. Qxf3 Qd6 38. Qf7 Qd5 39. Qf4+ Kg7 40. Re2 Qd6 41. Qg5 Rd7 42. Qd2 d3 43. Qc3+ Qf6 44. Qxf6+ Kxf6 45. Rd2 Rb7 46. f3 Rxb2 47. Rxb2 c3 48. Rb3 d2 0-1

[Event "*** Titled Tuesday Blitz"]
[Site "Chess.com"]
[Date "2020.05.19"]
[Round "3"]
[White "Bacyanide"]
[Black "BlackBoarder"]
[Result "1-0"]
[WhiteElo "2423"]
[BlackElo "2608"]
[TimeControl "180+1"]
[EndTime "12:29:26 PDT"]
[Termination "Bacyanide won by resignation"]

1. d4 e6 2. Nf3 f6 3. e4 d5 4. Nbd2 c6 5. Bd3 Bd6 6. O-O Ne7 7. c4 O-O 8. b3 Nd7 9. Bb2 Bc7 10. Re1 Ng6 11. g3 Kh8 12. Qc2 dxe4 13. Nxe4 e5 14. Rad1 exd4 15. Bxd4 Nde5 16. Be2 Qe8 17. Bc5 Rf7 18.
Nd6 Bxd6 19. Bxd6 Be6 20. Nxe5 Nxe5 21. Bh5 g6 22. Rxe5 fxe5 23. Bxe5+ Kg8 24. Be2 Bf5 25.
Qc3 Qe6 26. f4 Re8 27. Rd6 Qe7 28. Bf3 Qf8 29. c5 Rd7 30. Qd4 Be6 31. h4 Rxd6 32. cxd6 Qf7 33. Kh2 Bd5 34. Bg4 Be6 35. Be2 Rd8 36.
Bd3 Rd7 37. Be2 h5 38. Bd3 Bf5 39. Bc4 Be6 40. Bd3 Bf5 41. Be2 Be6 42. Bf3 Bd5 43. Bxd5 Qxd5 44. Qe3 Qe6 45. Qxa7 Kf7 46. Qf2 Qd5 47. Qe3 c5 48. Qc3 b5 49. a4 bxa4 50. bxa4 c4 51. a5 Qd4 52. Qxd4 1-0

[Event "*** Titled Tuesday Blitz"]
[Site "Chess.com"]
[Date "2020.05.19"]
[Round "3"]
[White "Hydrargyrum_Girl"]
[Black "H3nriqueTV"]
[Result "0-1"]
[WhiteElo "2298"]
[BlackElo "2113"]
[TimeControl "180+1"]
[EndTime "12:29:26 PDT"]
[Termination "H3nriqueTV won on time"]

1. d4 d5 2. Nc3 Bf5 3. Bg5 c6 4. e3 Nf6 5. Bd3 Bg6 6. f4 Nbd7 7. Nf3 Ne4 8. Bxe4 dxe4 9. Ne5 Nxe5 10. fxe5 Qb6 11.
Rb1 e6 12. O-O Bb4 13. Ne2 Qc7 14. Ng3 Be7 15. Qg4 Bxg5 16. Qxg5 c5 17. c3 cxd4 18. exd4 O-O 19. Rf4 e3 20. Re1 Qb6 21. b3 Qa5 22.
Rxe3 Qxa2 23. b4 Rac8 24. h4 Qd2 25. Rff3 h6 26. Qg4 a5 27. bxa5 Ra8 28. h5 Bh7 29.
Ne4 Bf5 30. Rxf5 Qxe3+ 31. Rf2 Rxa5 32. Kh2 Ra1 33. Rf3 Qg1+ 34. Kg3 Qe1+ 35. Kh2 Qh1+ 36. Kg3 Qe1+ 37. Kh3 Qc1 38. Nf6+ Kh8 39. Ne4 Rb1 40. Nf2 Qg5 41. Qxg5 hxg5 42. Ne4 f6 43.
exf6 gxf6 44. Nxf6 Kg7 45. h6+ Kg6 0-1

[Event "*** Titled Tuesday Blitz"]
[Site "Chess.com"]
[Date "2020.05.19"]
[Round "3"]
[White "swayamsm"]
[Black "2346PL"]
[Result "1-0"]
[WhiteElo "2651"]
[BlackElo "2411"]
[TimeControl "180+1"]
[EndTime "12:29:28 PDT"]
[Termination "swayamsm won on time"]

1. d4 f5 2. Nf3 Nf6 3. Bf4 e6 4. e3 Be7 5. Nbd2 O-O 6. Bd3 h6 7. h3 g5 8. Bh2 d6 9. g4 Nc6 10.
c3 Kg7 11. h4 Nxg4 12. hxg5 hxg5 13. Bg3 Rh8 14. Rxh8 Qxh8 15. Qb3 Qh1+ 16. Bf1 Qh6 17. d5 f4 18. exf4 gxf4 19. dxc6 fxg3 20. fxg3 Qe3+ 21.
Kd1 bxc6 22. Qc4 Nf2+ 23. Kc2 e5 24. Re1 Bf5+ 25. Kc1 Nd3+ 26. Bxd3 Qxd3 27. Qxd3 Bxd3 28. Ne4 Rh8 29. Nf2 Bf5 30. g4 Be6 31. Kd2 Rf8 32. Ke3 Bd5 33. Ne4 Rf4 34. Ned2 Rxg4 35. b3 Bf6 36. c4 Bxf3 37. Kxf3 Rf4+ 38. Ke2 Bh4 39. Rg1+ Kf7 40. Rg2 Bf6 41. Kd3 d5 42. Rh2 Bg7 43. Rg2 Rh4 44. Ke2 Bh6 45. Nf3 Re4+ 46. Kf1 Rf4 47.
Rf2 1-0

[Event "*** Titled Tuesday Blitz"]
[Site "Chess.com"]
[Date "2020.05.19"]
[Round "3"]
[White "LADIESGET2KNOWME"]
[Black "Gerasimenyuk_Miha"]
[Result "0-1"]
[WhiteElo "2538"]
[BlackElo "2369"]
[TimeControl "180+1"]
[EndTime "12:29:29 PDT"]
[Termination "Gerasimenyuk_Miha won by checkmate"]

1. b3 Nc6 2. Bb2 e5 3. e3 d5 4. Bb5 Bd6 5. f4 Qe7 6. Nf3 f6 7. fxe5 fxe5 8. Bxc6+ bxc6 9. Nxe5 Nf6 10. Nxc6 Qe4 11.
O-O O-O 12. Nd4 Bg4 13. Nf3 Qg6 14. Nc3 Qh5 15. Qe2 Bxh2+ 16. Kf2 Ne4+ 17. Ke1 Ng3 18. Qd3 Nxf1 19. Qxd5+ Qxd5 20. Nxd5 Bxf3 21. gxf3 Rxf3 22. Ke2 Raf8 23. Nf4 Bxf4 24. Kxf3 Be5+ 25. Ke2 Bxb2 26. Rb1 Ng3+ 27. Kd3 Be5 28. Kc4 h5 29. d4 Bd6 30.
Kd5 h4 31. c4 h3 32. Rb2 Nf5 33. e4 h2 34. Rb1 Ng3 35. e5 h1=Q+ 36. Rxh1 Nxh1 37.
exd6 cxd6 38. Kxd6 Nf2 39. c5 g5 40. c6 g4 41. c7 g3 42. Kd7 g2 43. c8=Q Rxc8 44. Kxc8 g1=Q 45. Kb7 Ne4 46. d5 Qd4 47. Kc6 Qc5+ 48. Kb7 Qb6+ 49. Kc8 Kf7 50. Kd7 Nf6+ 51. Kc8 Ke7 52. a4 Kd6 53. a5 Qc7# 0-1

[Event "*** Titled Tuesday Blitz"]
[Site "Chess.com"]
[Date "2020.05.19"]
[Round "3"]
[White "vaishali2001"]
[Black "GHANDEEVAM2003"]
[Result "0-1"]
[WhiteElo "2634"]
[BlackElo "2915"]
[TimeControl "180+1"]
[EndTime "12:29:30 PDT"]
[Termination "GHANDEEVAM2003 won on time"]

1. e4 c5 2. Nf3 d6 3. Bb5+ Nd7 4. O-O a6 5. Bd3 Ngf6 6. Re1 g6 7.
c3 Bg7 8. Bc2 O-O 9. d4 e5 10.
dxe5 Nxe5 11. Nxe5 dxe5 12. a4 b6 13. Bg5 Qc7 14. Nd2 Nh5 15. Bb3 Bb7 16. Qe2 Rfe8 17. Rad1 Nf4 18. Qf3 b5 19. axb5 axb5 20. Bxf4 exf4 21.
Bd5 Bxd5 22. exd5 f5 23. c4 b4 24. Nb3 Qd6 25. Re6 Qf8 26. Qxf4 Bxb2 27. Qc7 Bd4 28. Nxd4 cxd4 29. Qb6 d3 30. h4 Reb8 31. Qd4 b3 32.
Qxd3 b2 33. Rb1 Ra1 34. Ree1 Qf6 35. d6 Rd8 36. c5 Kg7 37. Qb3 Qd4 38. Qb7+ Kh6 39.
Qe7 Rxb1 40. Rxb1 Ra8 41. Qg5+ Kg7 42. h5 Qxc5 43. h6+ Kg8 44. Rxb2 Qxd6 45. g3 Re8 46. Rb1 Qe7 0-1

[Event "*** Titled Tuesday Blitz"]
[Site "Chess.com"]
[Date "2020.05.19"]
[Round "3"]
[White "rynos0411"]
[Black "LizaSolovyova"]
[Result "0-1"]
[WhiteElo "2338"]
[BlackElo "2548"]
[TimeControl "180+1"]
[EndTime "12:29:30 PDT"]
[Termination "LizaSolovyova won on time"]

1. d4 f5 2. Bg5 b6 3. h4 Bb7 4. Nf3 Nf6 5. Bxf6 exf6 6. e3 Bb4+ 7. c3 Be7 8. Bd3 Be4 9. Be2 O-O 10. Nbd2 Nc6 11. Qb3+ d5 12. h5 Na5 13. Qd1 c5 14. dxc5 bxc5 15. Qa4 Rb8 16. b3 Qc7 17.
O-O Bd6 18. Rad1 Bc2 19. Rc1 Be4 20. Rfd1 Rfe8 21. c4 d4 22. exd4 cxd4 23. Nxe4 Rxe4 24. Bd3 Rb4 25. Qa3 Rxb3 26. Qa4 Rb4 27. Qc2 Rf4 28. Bxf5 Kh8 29. Bd3 Rg4 30. Qe2 Rb8 31. c5 Bf4 32.
Rb1 Rd8 33. Nxd4 Bh2+ 34. Kf1 Rgxd4 35. h6 gxh6 36. Qf3 Rf4 37. Qh3 Nc6 38. Be2 Nd4 39.
Bd3 Qxc5 40. Qxh2 Qe5 41. Qxh6 Rxf2+ 42. Kxf2 Nf5 43. Bxf5 Qxf5+ 44. Kg1 Rxd1+ 45. Rxd1 Qc5+ 46. Kh2 Qe5+ 47. Kh3 Qf5+ 48. Kh4 Qf2+ 0-1

[Event "*** Titled Tuesday Blitz"]
[Site "Chess.com"]
[Date "2020.05.19"]
[Round "3"]
[White "Msb2"]
[Black "Kavyev_Ruslan"]
[Result "1-0"]
[WhiteElo "2901"]
[BlackElo "2459"]
[TimeControl "180+1"]
[EndTime "12:29:31 PDT"]
[Termination "Msb2 won by checkmate"]

1. d4 Nf6 2. c4 g6 3. Nc3 d5 4.
cxd5 Nxd5 5. e4 Nxc3 6. bxc3 Bg7 7. Bc4 c5 8. Ne2 O-O 9. Be3 Nc6 10. Rc1 cxd4 11. cxd4 Qa5+ 12. Rc3 Rd8 13. Qd2 Bd7 14. O-O Rac8 15. Rfc1 e6 16. Bb3 Be8 17. h4 h5 18.
Qd1 Ne7 19. Rxc8 Rxc8 20. Rxc8 Nxc8 21. Qc1 Nd6 22. Ng3 Bc6 23. f3 Nb5 24. Ne2 Qd8 25.
d5 exd5 26. exd5 Bd7 27. Qc4 Nd6 28. Qc5 Bf5 29. Qxa7 Qxh4 30. Bf2 Qe7 31. Nd4 h4 32. Nxf5 Nxf5 33. Bc2 Nd6 34. Qe3 Qc7 35. Qe2 Nf5 36.
Bxf5 gxf5 37. Qd2 h3 38. d6 Qd7 39. gxh3 Be5 40. Qg5+ Kf8 41. Qh6+ Ke8 42. Qe3 Qxd6 43. f4 Qg6+ 44. Kh2 f6 45. fxe5 Kf7 46. e6+ Ke7 47. Qb3 f4 48. Bc5+ Ke8 49. Qb5+ Kd8 50. Qd7# 1-0

[Event "*** Titled Tuesday Blitz"]
[Site "Chess.com"]
[Date "2020.05.19"]
[Round "3"]
[White "Hasangatin_Ramil"]
[Black "AnishGiri"]
[Result "0-1"]
[WhiteElo "2582"]
[BlackElo "3003"]
[TimeControl "180+1"]
[EndTime "12:29:32 PDT"]
[Termination "AnishGiri won by resignation"]

1. e4 c5 2. Nf3 e6 3. g3 Nc6 4. Bg2 Nf6 5. d3 d6 6. O-O Be7 7. Re1 O-O 8. c3 e5 9. Nbd2 b5 10. a4 b4 11. c4 Ne8 12. Nf1 Nc7 13. Ne3 Ne6 14. Nd5 Ned4 15. Nxd4 Nxd4 16. Be3 Nc6 17. f4 Be6 18. f5 Bxd5 19. exd5 Nd4 20. Bxd4 exd4 21. h4 Bf6 22. b3 Re8 23. Be4 Kf8 24.
Qg4 Re5 25. Re2 Qd7 26. Kg2 Rae8 27. Kh3 Ke7 28. Rf1 Kd8 29. Rf4 Kc7 30. Kg2 Kb6 31. Kf1 a5 32. Ke1 Qe7 33. Kd1 Qf8 34. Qh5 Qg8 35.
Qg4 Qh8 36. Qh5 g6 37. Qf3 g5 38. Rg4 gxh4 39. gxh4 h5 40. Rgg2 Qh6 41. Rg1 Rh8 42. Rh2 Ree8 43. Rgg2 Reg8 44. Rg3 Rxg3 45. Qxg3 Be5 46.
Qg2 Bxh2 47. Qxh2 Rg8 48. Ke2 Qe3+ 49. Kf1 Rg3 50. Qf2 Qc1+ 51. Ke2 Qc2+ 0-1

[Event "*** Titled Tuesday Blitz"]
[Site "Chess.com"]
[Date "2020.05.19"]
[Round "3"]
[White "Sergey85Rodchenkov"]
[Black "Playgood28"]
[Result "1/2-1/2"]
[WhiteElo "2504"]
[BlackElo "2285"]
[TimeControl "180+1"]
[EndTime "12:29:32 PDT"]
[Termination "Game drawn by repetition"]

1. e4 e5 2. Nf3 d6 3. d4 exd4 4.
Nxd4 Nf6 5. Nc3 Be7 6. Bc4 O-O 7. O-O Nxe4 8. Nxe4 d5 9. Bd3 dxe4 10. Bxe4 Re8 11.
c3 Bf6 12. Qf3 c6 13. Nf5 Bxf5 14. Qxf5 g6 15. Qf3 Nd7 16. Bc2 Ne5 17. Qg3 Bg7 18. Bg5 Qb6 19. Bb3 a5 20. Be3 c5 21. Rad1 a4 22. Bd5 Rad8 23. b4 axb3 24. axb3 Qa5 25. c4 Qc3 26. Bg5 Qxg3 27. hxg3 Ra8 28. Rfe1 Nc6 29.
Bxc6 bxc6 30. Rxe8+ Rxe8 31. Be3 Rb8 32. Rd3 Bd4 33.
Bxd4 cxd4 34. Rxd4 Rxb3 35. Rd6 Rc3 36. Rxc6 Kg7 37. g4 h6 38. g3 Rc2 39. Kg2 Rc3 40. Kf1 Rc2 41. Rc7 Kf6 42. c5 Ke6 43. Kg2 Rc3 44.
c6 Kf6 45. Rc8 Kg7 46. c7 Kh7 47. Kf1 Rc2 48. Ke1 Kg7 49. Kd1 Rc6 50. Kd2 Rc5 51.
Kd3 Rc1 52. f4 Rc6 53. g5 hxg5 54. fxg5 Rc1 55. Kd4 Rd1+ 56. Kc5 Rc1+ 57. Kd6 Rd1+ 58. Ke5 Re1+ 59. Kf4 Rc1 60. Ke3 Rc6 61. Kd3 Rc5 62.
g4 Rc6 63. Kd4 Rc1 64. Kd3 Rc6 65. Kd2 Rc5 66. Kd3 Rc6 1/2-1/2

[Event "*** Titled Tuesday Blitz"]
[Site "Chess.com"]
[Date "2020.05.19"]
[Round "3"]
[White "frankshar"]
[Black "MisiekZielony"]
[Result "1-0"]
[WhiteElo "2360"]
[BlackElo "2107"]
[TimeControl "180+1"]
[EndTime "12:29:32 PDT"]
[Termination "frankshar won on time"]

1. d4 d5 2. c4 c6 3. Nc3 Nf6 4. e3 g6 5. Nf3 Bg7 6. Be2 O-O 7. O-O Bg4 8. cxd5 cxd5 9. h3 Bc8 10. Ne5 e6 11. b3 Re8 12. Ba3 Bf8 13. Bxf8 Rxf8 14. Rc1 Bd7 15. f4 Ne8 16. Bd3 Nd6 17. g4 f6 18. Nf3 Nc6 19. Qe1 f5 20. g5 Kg7 21.
Qh4 Nf7 22. Ne2 Nb4 23. Bb1 Bb5 24. Rce1 Bxe2 25. Rxe2 Rc8 26. Qg3 Qe7 27. h4 h5 28.
gxh6+ Kxh6 29. Rg2 Rg8 30. Ng5 Nxg5 31. fxg5+ Kg7 32. Qe5+ Kf7 33. h5 gxh5 34. Bxf5 exf5 35. Qxf5+ Kg7 36. g6 Rcf8 37. Qxh5 Rxf1+ 38. Kxf1 Rh8 39. Qg4 Qf6+ 40. Ke2 Qe7 41. Qf5 1-0

[Event "*** Titled Tuesday Blitz"]
[Site "Chess.com"]
[Date "2020.05.19"]
[Round "3"]
[White "Zubrrr"]
[Black "Oleksandr_Bortnyk"]
[Result "1-0"]
[WhiteElo "2672"]
[BlackElo "2980"]
[TimeControl "180+1"]
[EndTime "12:29:33 PDT"]
[Termination "Zubrrr won by checkmate"]

1. d4 d6 2. Nf3 Nf6 3. g3 g6 4.
Bg2 Bg7 5. O-O O-O 6. c4 Bf5 7. Nc3 Ne4 8. Nh4 Nxc3 9. bxc3 Bc8 10. f4 c6 11. f5 Qa5 12. Qd3 Nd7 13. Bg5 Nf6 14.
e4 e5 15. c5 exd4 16. cxd4 dxc5 17. e5 Nd5 18. f6 Bh8 19. Kh1 Be6 20. Nf3 Rfd8 21.
Bd2 Qb5 22. Qe4 cxd4 23. Qh4 h5 24. Nxd4 Qa4 25. Nxe6 Qxh4 26. gxh4 fxe6 27. Be4 Kf7 28. Rg1 Rg8 29. Bg5 Rad8 30. Rac1 Rd7 31. Rg3 Nb4 32.
a3 Rd4 33. Bb1 Nd5 34. Rcg1 c5 35. Bc1 Rxh4 36. Bxg6+ Rxg6 37. Rxg6 c4 38. Rh6 Bxf6 39. exf6 Rg4 40. Rxg4 hxg4 41. Bg5 c3 42. Rh7+ Kg8 43.
f7+ Kxh7 44. f8=Q Kg6 45. Qh6+ Kf5 46. Bc1 Ke4 47. Qg6+ Kd4 48. Qxg4+ Kd3 49. Qxe6 Nb6 50. Bg5 Nc4 51. Qd5+ Kc2 52. Qxc4 b5 53. Qxb5 a6 54.
Qxa6 Kb2 55. Qc4 c2 56. a4 Ka1 57. Qc3+ Kb1 58. Qb3+ Ka1 59. Bf6# 1-0